EL
AKRON RUBBERDUCKS @ PORTLAND SEA DOGS
08/21/2045
 
TOP OF THE 1ST
Akron RubberDucks batting - Pitching for Portland Sea Dogs : LHP Will Sledge
Pitching: LHP Will Sledge
Batting: LHB Nick Welling 0-0: Ball
1-0: Ball
2-0: Called Strike
2-1: Ground out U3 (Groundball, 3L, EV 80.6 MPH)
Batting: RHB Willie Gonzales 0-0: Ball
1-0: Ball
2-0: Ball
3-0: Called Strike
3-1: Foul Ball, location: 2F
3-2: Strikes out swinging
Batting: RHB Harris Leroux 0-0: Ball
1-0: Ball
2-0: Called Strike
2-1: Swinging Strike
2-2: Strikes out looking
Top of the 1st over - 0 runs, 0 hits, 0 errors, 0 left on base; Akron 0 - Portland 0
BOTTOM OF THE 1ST
Portland Sea Dogs batting - Pitching for Akron RubberDucks : RHP Matt Zambon
Pitching: RHP Matt Zambon
Batting: RHB John Chiesa 0-0: Ball
1-0: Ball
2-0: Ground out 1-3 (Groundball, 15S, EV 70.6 MPH)
Batting: RHB Manny Jurado 0-0: Ball
1-0: Called Strike
1-1: Foul Ball, location: 2F
1-2: Ball
2-2: Ball
3-2: Fly out, F7 (Flyball, 7LM, EV 89.4 MPH)
Batting: LHB Jarrett Mordecai 0-0: Ground out 3-1 (Groundball, 34S, EV 89.4 MPH)
Bottom of the 1st over - 0 runs, 0 hits, 0 errors, 0 left on base; Akron 0 - Portland 0
TOP OF THE 2ND
Akron RubberDucks batting - Pitching for Portland Sea Dogs : LHP Will Sledge
Batting: RHB Adrian Martinelli 0-0: Called Strike
0-1: Called Strike
0-2: Ball
1-2: Foul Ball, location: 2F
1-2: Foul Ball, location: 2F
1-2: Strikes out swinging
Batting: RHB Andy Lewis 0-0: Ball
1-0: Ball
2-0: Called Strike
2-1: SINGLE (Groundball, 56S, EV 70.6 MPH) (infield hit)
Batting: RHB Reynaldo Herrera 0-0: Ball
1-0: Ball
2-0: SINGLE (Groundball, 56, EV 111.2 MPH) (infield hit)
Andy Lewis to second
Batting: LHB Devon Grant 0-0: Ball
Andy Lewis steals 3rd base
Reynaldo Herrera to second
1-0: Ball
2-0: Ground out U3 (Groundball, 3, EV 88.1 MPH)
Batting: RHB Nate Singleton 0-0: Ball
1-0: Called Strike
1-1: Ball
2-1: Foul Ball, location: 2F
2-2: Ball
3-2: Ground out 3-1 (Groundball, 34, EV 85.0 MPH)
Top of the 2nd over - 0 runs, 2 hits, 0 errors, 2 left on base; Akron 0 - Portland 0
BOTTOM OF THE 2ND
Portland Sea Dogs batting - Pitching for Akron RubberDucks : RHP Matt Zambon
Batting: LHB Blake Sams 0-0: SINGLE (Line Drive, 4D, EV 93.8 MPH)
Batting: RHB Guillermo Quintero 0-0: Ball
1-0: Called Strike
1-1: Ball
2-1: Ball
3-1: Fielders Choice at 2nd, 4-6 (Groundball, 4M, EV 78.8 MPH)
Batting: LHB Mike Jones 0-0: Called Strike
0-1: Ball
1-1: Foul Ball, location: 2F
1-2: Strikes out swinging
Batting: RHB Pat Bulger 0-0: Ball
1-0: Ball
Guillermo Quintero is caught stealing 2nd base 2-4
Bottom of the 2nd over - 0 runs, 1 hit, 0 errors, 0 left on base; Akron 0 - Portland 0
TOP OF THE 3RD
Akron RubberDucks batting - Pitching for Portland Sea Dogs : LHP Will Sledge
Batting: RHB Gashie Chimsima 0-0: Foul Ball, location: 2F
0-1: Foul Ball, location: 2F
0-2: Foul Ball, location: 2F
0-2: Foul Ball, location: 2F
0-2: Strikes out swinging
Batting: LHB Nick Welling 0-0: Ball
1-0: Called Strike
1-1: Fly out, F8 (Line Drive, 8LD, EV 86.9 MPH)
Batting: RHB Willie Gonzales 0-0: Called Strike
0-1: Ball
1-1: Ball
2-1: Foul Ball, location: 2F
2-2: Ball
3-2: SINGLE (Line Drive, 7, EV 98.8 MPH)
Batting: RHB Harris Leroux 0-0: Ball
1-0: Ball
2-0: Foul Ball, location: 2F
2-1: Called Strike
2-2: Ball
3-2: Base on Balls
Willie Gonzales to second
Batting: RHB Adrian Martinelli 0-0: Called Strike
0-1: SINGLE (Groundball, 56D, EV 97.5 MPH)
Willie Gonzales to third
Harris Leroux to second
Runner from 3rd tries for Home, SAFE, throw by LF to home
Batting: RHB Andy Lewis 0-0: Called Strike
0-1: Foul Ball, location: 2F
0-2: Fielders Choice at 2nd, 6-4 (Groundball, 56, EV 89.4 MPH)
Top of the 3rd over - 1 run, 2 hits, 0 errors, 2 left on base; Akron 1 - Portland 0
BOTTOM OF THE 3RD
Portland Sea Dogs batting - Pitching for Akron RubberDucks : RHP Matt Zambon
Batting: RHB Pat Bulger 0-0: Ball
1-0: Foul Ball, location: 2F
1-1: Called Strike
1-2: Foul Ball, location: 2F
1-2: Foul Ball, location: 2F
1-2: Ball
2-2: Fly out, F8 (Flyball, 89M, EV 89.4 MPH)
Batting: RHB Kyle Holland 0-0: Called Strike
0-1: Ball
1-1: Foul Ball, location: 2F
1-2: Fly out, F6 (Line Drive, 6, EV 71.2 MPH)
Batting: RHB Trent Hood 0-0: Ball
1-0: Fly out, F4 (Flyball, 4D, EV 83.8 MPH)
Bottom of the 3rd over - 0 runs, 0 hits, 0 errors, 0 left on base; Akron 1 - Portland 0
TOP OF THE 4TH
Akron RubberDucks batting - Pitching for Portland Sea Dogs : LHP Will Sledge
Batting: RHB Reynaldo Herrera 0-0: Ground out 4-3 (Groundball, 4D, EV 98.8 MPH)
Batting: LHB Devon Grant 0-0: Foul Ball, location: 2F
0-1: Ball
1-1: Ball
2-1: Ground out 6-3 (Groundball, 6M, EV 106.2 MPH)
Batting: RHB Nate Singleton 0-0: Called Strike
0-1: Foul Ball, location: 2F
0-2: Foul Ball, location: 2F
0-2: Foul Ball, location: 2F
0-2: Ground out 5-3 (Groundball, 5L, EV 100.0 MPH)
Top of the 4th over - 0 runs, 0 hits, 0 errors, 0 left on base; Akron 1 - Portland 0
BOTTOM OF THE 4TH
Portland Sea Dogs batting - Pitching for Akron RubberDucks : RHP Matt Zambon
Batting: RHB John Chiesa 0-0: Fly out, F7 (Flyball, 7, EV 86.9 MPH)
Batting: RHB Manny Jurado 0-0: Ball
1-0: Ground out 6-3 (Groundball, 6M, EV 100.6 MPH)
Batting: LHB Jarrett Mordecai 0-0: Ball
1-0: Ball
2-0: Ball
3-0: Called Strike
3-1: Foul Ball, location: 2F
3-2: Ground out 4-3 (Groundball, 4, EV 86.2 MPH)
Bottom of the 4th over - 0 runs, 0 hits, 0 errors, 0 left on base; Akron 1 - Portland 0
TOP OF THE 5TH
Akron RubberDucks batting - Pitching for Portland Sea Dogs : LHP Will Sledge
Batting: RHB Gashie Chimsima 0-0: Ball
1-0: Called Strike
1-1: Foul Ball, location: 2F
1-2: Foul Ball, location: 2F
1-2: Foul Ball, location: 2F
1-2: Ball
2-2: Ball
3-2: Strikes out looking
Batting: LHB Nick Welling 0-0: Ball
1-0: Swinging Strike
1-1: Swinging Strike
1-2: Strikes out looking
Batting: RHB Willie Gonzales 0-0: Ball
1-0: Ball
2-0: Called Strike
2-1: Ball
3-1: Fly out, F7 (Flyball, 78M, EV 80.6 MPH)
Top of the 5th over - 0 runs, 0 hits, 0 errors, 0 left on base; Akron 1 - Portland 0
BOTTOM OF THE 5TH
Portland Sea Dogs batting - Pitching for Akron RubberDucks : RHP Matt Zambon
Batting: LHB Blake Sams 0-0: Called Strike
0-1: Ball
1-1: Foul Ball, location: 2F
1-2: Foul Ball, location: 2F
1-2: Fly out, F8 (Flyball, 8RM, EV 92.5 MPH)
Batting: RHB Guillermo Quintero 0-0: Called Strike
0-1: Swinging Strike
0-2: Ground out 6-3 (Groundball, 6, EV 81.2 MPH)
Batting: LHB Mike Jones 0-0: Ball
1-0: Foul Ball, location: 2F
1-1: Foul Ball, location: 2F
1-2: Ground out 6-3 (Groundball, 6, EV 86.2 MPH)
Bottom of the 5th over - 0 runs, 0 hits, 0 errors, 0 left on base; Akron 1 - Portland 0
TOP OF THE 6TH
Akron RubberDucks batting - Pitching for Portland Sea Dogs : LHP Will Sledge
Batting: RHB Harris Leroux 0-0: Called Strike
0-1: Ball
1-1: Ball
2-1: Swinging Strike
2-2: Strikes out looking
Batting: RHB Adrian Martinelli 0-0: Ball
1-0: Ground out 5-3 (Groundball, 56S, EV 87.5 MPH)
Batting: RHB Andy Lewis 0-0: Foul Ball, location: 2F
0-1: Ball
1-1: Foul Ball, location: 2F
1-2: Foul Ball, location: 2F
1-2: Strikes out looking
Top of the 6th over - 0 runs, 0 hits, 0 errors, 0 left on base; Akron 1 - Portland 0
BOTTOM OF THE 6TH
Portland Sea Dogs batting - Pitching for Akron RubberDucks : RHP Matt Zambon
Batting: RHB Pat Bulger 0-0: SINGLE (Groundball, 56D, EV 99.4 MPH)
Batting: RHB Kyle Holland 0-0: Ball
1-0: Ball
2-0: Foul Ball, location: 2F
2-1: Called Strike
2-2: Foul Ball, location: 2F
2-2: Ball
3-2: Foul Ball, location: 2F
3-2: Base on Balls
Pat Bulger to second
Pinch Hitting: LHB Parker Lowe 0-0: Ball
1-0: Called Strike
1-1: SINGLE (Groundball, 34D, EV 97.5 MPH)
Pat Bulger to third
Kyle Holland to second
Pinch Hitting: LHB Jake Goddard 0-0: Called Strike
0-1: Ball
1-1: Foul Ball, location: 2F
1-2: Strikes out swinging
Batting: RHB Manny Jurado 0-0: Called Strike
0-1: Swinging Strike
0-2: SINGLE (Line Drive, 9S, EV 105.0 MPH)
Pat Bulger scores
Kyle Holland to third
Parker Lowe to second
Batting: LHB Jarrett Mordecai 0-0: Ball
1-0: Swinging Strike
1-1: Foul Ball, location: 2F
1-2: Strikes out swinging
Batting: LHB Blake Sams 0-0: Ball
1-0: Foul Ball, location: 2F
1-1: Ball
2-1: Foul Ball, location: 2F
2-2: Foul Ball, location: 2F
2-2: Ball
3-2: Strikes out swinging
Bottom of the 6th over - 1 run, 3 hits, 0 errors, 3 left on base; Akron 1 - Portland 1
TOP OF THE 7TH
Akron RubberDucks batting - Pitching for Portland Sea Dogs : LHP Will Sledge
Pitching: RHP Kevin Akins
Now at 3B: Carlos Nolasco
Now in CF: Mike Jones
Now in RF: Elias Montes
Batting: LHB Danny Moreno 0-0: Swinging Strike
0-1: Ball
1-1: Foul Ball, location: 2F
1-2: Strikes out swinging
Batting: LHB Devon Grant 0-0: Called Strike
0-1: SINGLE (Line Drive, 89S, EV 104.4 MPH)
Batting: RHB Nate Singleton 0-0: Ball
Devon Grant is caught stealing 2nd base 2-4
1-0: DOUBLE (Line Drive, 89D, EV 105.0 MPH)
Batting: RHB Gashie Chimsima 0-0: Swinging Strike
0-1: Foul Ball, location: 2F
0-2: Ground out 5-3 (Groundball, 56, EV 79.4 MPH)
Top of the 7th over - 0 runs, 2 hits, 0 errors, 1 left on base; Akron 1 - Portland 1
BOTTOM OF THE 7TH
Portland Sea Dogs batting - Pitching for Akron RubberDucks : RHP Matt Zambon
Batting: RHB Guillermo Quintero 0-0: Ball
1-0: Called Strike
1-1: Ball
2-1: Called Strike
2-2: Foul Ball, location: 2F
2-2: SINGLE (Groundball, 6MD, EV 110.0 MPH)
Pitching: RHP Nate Souza
Batting: LHB Mike Jones 0-0: Ball
1-0: Foul Ball, location: 2F
1-1: Swinging Strike
1-2: Foul Ball, location: 2F
1-2: Foul Ball, location: 2F
1-2: Ball
2-2: SINGLE (Groundball, 4MD, EV 100.0 MPH)
Guillermo Quintero to second
Runner from 2nd tries for 3rd, SAFE, throw by CF made to third
Batting: RHB Pat Bulger 0-0: Called Strike
0-1: Fly out, F9 (Flyball, 9LS, EV 90.0 MPH)
Pinch Hitting: LHB Julian Toney 0-0: Ball
Mike Jones steals 2nd base
1-0: Called Strike
1-1: Ball
2-1: Fly out, F9 (Flyball, 89S, EV 83.8 MPH)
Batting: RHB Carlos Nolasco 0-0: Called Strike
0-1: 3-RUN HOME RUN (Flyball, 78XD, EV 115.6 MPH), Distance : 432 ft
Batting: RHB Elias Montes 0-0: Swinging Strike
0-1: Ball
1-1: Ground out 5-3 (Groundball, 56, EV 100.0 MPH)
Bottom of the 7th over - 3 runs, 3 hits, 0 errors, 0 left on base; Akron 1 - Portland 4
TOP OF THE 8TH
Akron RubberDucks batting - Pitching for Portland Sea Dogs : RHP Kevin Akins
Now at SS: Joe Evrard
Batting: LHB Nick Welling 0-0: Swinging Strike
0-1: Foul Ball, location: 2F
0-2: Strikes out swinging
Batting: RHB Willie Gonzales 0-0: Ball
1-0: Foul Ball, location: 2F
1-1: Ball
2-1: Ball
3-1: Base on Balls
Batting: RHB Harris Leroux 0-0: Foul Ball, location: 2F
0-1: Foul Ball, location: 2F
0-2: Ball
1-2: Strikes out looking
Pinch Hitting: LHB Corey Trevor 0-0: Ball
1-0: Ball
2-0: Ball
3-0: Base on Balls
Willie Gonzales to second
Pitching: RHP Pedro Torres
Batting: RHB Andy Lewis 0-0: Ball
1-0: Foul Ball, location: 2F
1-1: Foul Ball, location: 2F
1-2: Ball
2-2: Foul Ball, location: 2F
2-2: Foul Ball, location: 2F
2-2: Strikes out swinging
Top of the 8th over - 0 runs, 0 hits, 0 errors, 2 left on base; Akron 1 - Portland 4
BOTTOM OF THE 8TH
Portland Sea Dogs batting - Pitching for Akron RubberDucks : RHP Nate Souza
Pitching: LHP Aaron Manees
Now at 3B: Hieronim Rutkowski
Batting: RHB Manny Jurado 0-0: Ball
1-0: Called Strike
1-1: Called Strike
1-2: Foul Ball, location: 2F
1-2: Ball
2-2: Ball
3-2: Base on Balls
Batting: LHB Jarrett Mordecai 0-0: Called Strike
0-1: Ball
1-1: Called Strike
1-2: Ball
2-2: Foul Ball, location: 2F
2-2: Ball
3-2: Fielders Choice at 2nd, 6-4 (Groundball, 6, EV 105.0 MPH)
Batting: LHB Blake Sams 0-0: Grounds into double play, 1-6-3 (Groundball, 34S, EV 71.9 MPH)
Bottom of the 8th over - 0 runs, 0 hits, 0 errors, 0 left on base; Akron 1 - Portland 4
TOP OF THE 9TH
Akron RubberDucks batting - Pitching for Portland Sea Dogs : RHP Pedro Torres
Pitching: RHP Mike Osgood
Batting: LHB Danny Moreno 0-0: Ball
1-0: Ball
2-0: DOUBLE (Line Drive, 5D, EV 98.1 MPH)
Batting: LHB Devon Grant 0-0: Ball
1-0: Foul Ball, location: 2F
1-1: Called Strike
1-2: Fly out, F9 (Flyball, 89S, EV 73.8 MPH)
Batting: RHB Nate Singleton 0-0: Ground out 4-3 (Groundball, 4M, EV 90.6 MPH)
Danny Moreno to third
Pinch Hitting: LHB John Dietrich 0-0: Swinging Strike
0-1: Called Strike
0-2: Foul Ball, location: 2F
0-2: Strikes out swinging
Top of the 9th over - 0 runs, 1 hit, 0 errors, 1 left on base; Akron 1 - Portland 4
Wednesday, June 22nd , 2022 - OOTP Baseball 23.4 Build 64